 Dungeon Crawl Stone Soup version 0.27.0-1-g7a089689b8 (webtiles) character file.

Game seed: 9943937687168448281

16 Brandom the Scholar of Death (level 2, 0/21 HPs)
             Began as a Merfolk Necromancer on Aug 7, 2021.
             Was a Follower of Kikubaaqudgha.
             Succumbed to a goblin's poison
             ... on level 2 of the Dungeon.
             The game lasted 00:03:27 (1264 turns).

Brandom the Scholar of Death (Merfolk Necromancer)  Turns: 1264, Time: 00:03:28

Health: 0/21       AC:  2    Str:  8    XL:     2   Next: 58%
Magic:  5/5        EV: 13    Int: 14    God:    Kikubaaqudgha [*.....]
Gold:   37         SH:  0    Dex: 14    Spells: 3/5 levels left

rFire    . . .     SeeInvis .   b - +0 spear
rCold    . . .     Faith    .   (no shield)
rNeg     . . .     Spirit   .   a - +0 robe
rPois    .         Reflect  .   (no helmet)
rElec    .         Harm     .   (no cloak)
rCorr    .         Rampage  .   (no gloves)
Will     .....     Clarity  +   (no boots)
Stlth    ++........             (no amulet)
HPRegen  0.07/turn              (no ring)
MPRegen  0.09/turn              (no ring)

@: lethally poisoned (0 -> -9)
A: (nimble swimmer 2), mertail, clarity, noise suppression
a: Renounce Religion, Receive Corpses


You were on level 2 of the Dungeon.
You worshipped Kikubaaqudgha.
Kikubaaqudgha was aware of your devotion.
You visited 1 branch of the dungeon, and saw 2 of its levels.

You collected 37 gold pieces.

Inventory:

Hand Weapons
 b - a +0 spear (weapon)
   (You found it on level 1 of the Dungeon)
Armour
 a - a +0 robe (worn)
 j - a +2 ring mail of cold resistance
   (You found it on level 2 of the Dungeon)
Scrolls
 c - a scroll of holy word
 h - a scroll of amnesia
 i - a scroll of fog


   Skills:
 + Level 1.1 Fighting
 + Level 1.2 Polearms
 + Level 3.1 Dodging
 - Level 2.1 Stealth
 - Level 2.0 Spellcasting
 + Level 3.4 Necromancy


You had 3 spell levels left.
You knew the following spells:

 Your Spells              Type           Power      Damage    Failure   Level
a - Pain                  Necr           44%        1d6       6%          1
z - Animate Skeleton      Necr           22%        N/A       6%          1

Your spell library contained the following spells:

 Spells                   Type           Power      Damage    Failure   Level
 Sublimation of Blood     Necr           5%         N/A       9%          2
 Vampiric Draining        Necr           5%         2d6       17%         3
 Corpse Rot               Necr/Air       N/A        N/A       19%         2
 Inner Flame              Hex/Fire       1%         N/A       56%         3
 Animate Dead             Necr           5%         N/A       50%         4
 Agony                    Necr           11%        N/A       85%         5
 Cause Fear               Hex            0%         N/A       93%         4
 Discord                  Hex            0%         N/A       100%        8


Dungeon Overview and Level Annotations

Branches:
Dungeon (2/15)

Altars:
Kikubaaqudgha


Innate Abilities, Weirdness & Mutations

((You are quick and stealthy near water. (Stealth+, EV+, Speed+++)))
Your lower body shifts to a powerful aquatic tail in water.
You possess an exceptional clarity of mind.
You passively dampen the noise of your surroundings.


Message History

You reach to attack!
You barely miss the goblin. You barely miss the goblin.
A goblin comes into view. It is wielding a +0 dagger.
The goblin hits you but does no damage.
You are poisoned.
You closely miss the goblin.
You feel very sick.
The goblin hits you with a +0 dagger of venom.
You are more poisoned.
A hobgoblin comes into view.
You hit the goblin but do no damage.
You feel very sick.
The goblin hits you with a +0 dagger of venom.
* * * LOW HITPOINT WARNING * * *
You are more poisoned.
A goblin comes into view. It is wielding a +0 club.
It was a potion of cancellation.
You feel magically purged.
* * * LOW HITPOINT WARNING * * *
You feel very sick. The goblin hits you but does no damage.
You are more poisoned.
A goblin comes into view. It is wielding a +0 club.
It was a potion of curing.
You feel better.
The goblin shouts!
The goblin closely misses you.
As you read the scroll labelled ATEESUG TUAL, it crumbles to dust.
It is a scroll of amnesia.
Really abort (and waste the scroll)?
Okay, then.
The goblin barely misses you. x2
Unknown command.
As you read the scroll labelled EDEWOEG ATOMNE, it crumbles to dust.
It is a scroll of identify.
i - a scroll of fog The goblin hits you with a +0 dagger of venom.
* * * LOW HITPOINT WARNING * * *
You are lethally poisoned!
The goblin hits you with a +0 club.
* * * LOW HITPOINT WARNING * * *
As you read the scroll labelled HAN MEUFRAO, it crumbles to dust.
You speak a Word of immense power!
It was a scroll of holy word.
* * * LOW HITPOINT WARNING * * *
You feel very sick. The goblin hits you but does no damage.
The goblin hits you with a +0 club.
* * * LOW HITPOINT WARNING * * *
It was a potion of mutation.
You feel extremely strange.
Your thoughts seem clearer.
You feel your surroundings grow quieter.
You die...
Kikubaaqudgha rasps: "You have failed me!
Welcome... death!"

####### #.....# ###.###.# ##.#.#
#<# ##....###.#### #............#
##########.....##.##.#
#..ggggg@g.....##.##.#
#g#########.#.....##.# #.#
#.########.#### #.# ##'## #.....
#####.########...## #####.
#........g#.......## ####.
#.###.###..........## ###.##.
#.###.##.†.#..#g#.......###......
.............##.##......'........


You could see 3 hobgoblins and 4 goblins.

Vanquished Creatures
  2 dart slugs (D:1)
  An endoplasm (D:1)
  2 giant cockroaches (D:1)
  A quokka (D:1)
  A ball python (D:1)
  2 bats (D:1)
  A frilled lizard (D:2)
  A goblin (D:1)
  3 rats (D:1)
14 creatures vanquished.

Vanquished Creatures (others)
  A fungus (D:1)
1 creature vanquished.

Grand Total: 15 creatures vanquished

Notes
Turn   | Place    | Note
-------+----------+-------------------------------------------
     0 | D:1      | Brandom the Merfolk Necromancer began the quest for the
                  | Orb.
     0 | D:1      | Reached XP level 1. HP: 13/13 MP: 3/3
   183 | D:1      | Reached XP level 2. HP: 13/20 MP: 5/5
   326 | D:1      | Found a faded altar of an unknown god.
   342 | D:1      | Reached skill level 1 in Polearms
   350 | D:1      | Became a worshipper of Kikubaaqudgha
   350 | D:1      | Reached * piety under Kikubaaqudgha
   350 | D:1      | Received a gift from Kikubaaqudgha
   437 | D:1      | Learned a level 1 spell: Animate Skeleton
   535 | D:1      | Reached skill level 1 in Fighting
  1264 | D:2      | Gained mutation: You possess an exceptional clarity of
                  | mind. [potion of mutation]
  1264 | D:2      | Gained mutation: You passively dampen the noise of your
                  | surroundings. [potion of mutation]
  1264 | D:2      | Succumbed to a goblin's poison

Illustrated notes

Levels and vault maps discovered:
D:1:      lightli_arrival_boilingwater, layout_loops_corners,
          shapermc_ecumenical_altar_mp_ritualfount, minmay_tetromino_o2
D:2:      cheibrodos_greedy_goblins, layout_loops_corners

Skill      XL: |  1  2 |
---------------+-------+-----
Dodging        | 3 |  3.1
Polearms       | 1 |  1.2
Fighting       | 1 |  1.1
Stealth        | |  2.1
Spellcasting   | |  2.0
Necromancy     | |  3.4

Action                   || total
-------------------------++-------
Melee: Spear             ||    61
 Cast: Pain              ||     3
  Use: Scroll            ||     3
       Potion            ||     3
 Stab: Sleeping          ||     2
Armor: Robe              ||    11
Dodge: Dodged            ||    33
